 Dungeon Crawl Stone Soup version 0.30-a0-1074-g5db6f66fbb (webtiles) character file.

Game seed: 17898912312826872411

91414 tsouns the Marksspriggan (level 15, -2/59 HPs)
             Began as a Spriggan Hunter on Apr 13, 2023.
             Was an Elder of Ru.
             Engulfed by a death drake's foul pestilence (13 damage)
             ... on level 3 of the Abyss.
             The game lasted 01:19:38 (26356 turns).

tsouns the Marksspriggan (Spriggan Hunter)         Turns: 26356, Time: 01:19:39

Health: -2/59      AC: 10    Str: 13    XL:     15   Next: 55%
Magic:  23/23      EV: 16    Int: 15    God:    Ru [****..]
Gold:   2188       SH:  0    Dex: 20    Spells: 17/23 levels left

rFire   . . .      SeeInvis +    y - +4 shortbow (freeze)
rCold   . . .      Faith    .    (shield currently unavailable)
rNeg    . . .      Spirit   .    E - +1 acid dragon scales
rPois   .          Reflect  .    S - +1 hat
rElec   .          Rampage  .    x - +1 cloak
rCorr   +                        (gloves unavailable)
Will    ++...                    (boots unavailable)
Stlth   ++++                     u - amulet of regeneration
HPRegen 1.09/turn                o - +6 ring of strength
MPRegen 0.18/turn                V - +4 ring of slaying

@: lethally poisoned (-2 -> -16), about to teleport, slowed, studying Long
Blades, quick
A: very small, no large weapons, unfitting armour, see invisible, speed 3, hated
by all, reduced EV 1, unskilled 1, dopey 1, [frail 3]
a: Renounce Religion, Sacrifice Words, Sacrifice Essence, Sacrifice a Hand,
Reject Sacrifices, Draw Out Power, Power Leap


You were on level 3 of the Abyss.
You worshipped Ru.
Ru was greatly pleased with you.
You visited 3 branches of the dungeon, and saw 22 of its levels.
You visited the Abyss 1 time.

You collected 3175 gold pieces.
You spent 987 gold pieces at shops.

Inventory:

Hand Weapons
 y - a +4 shortbow of freezing (weapon)
 D - a +2 sling of draining
 K - the +8 whip "Snakebite" {venom, curare, rPois}
   (You found it on level 1 of the Lair of Beasts)

   rPois:     It protects you from poison.
 R - a +0 arbalest
 T - a +0 arbalest of flaming
Armour
 x - a +1 cloak (worn)
 E - +1 acid dragon scales (worn)
 S - a +1 hat (worn)
Jewellery
 d - the amulet "Heontun" {Reflect -Cast rPois SH+5 Stlth+}
   (You took it off an orc on level 9 of the Dungeon)

   [amulet of reflection]

   It reflects blocked missile attacks.
   rPois:     It protects you from poison.
   -Cast:     It prevents spellcasting.
   SH:        It affects your SH (+5).
   Stlth:     It makes you more stealthy.
 h - a ring of flight
 o - a +6 ring of strength (left hand)
 q - a ring of poison resistance
 u - an amulet of regeneration (around neck)
 I - an amulet of the acrobat
 L - a ring of protection from cold
 O - a +4 ring of protection
 V - a +4 ring of slaying (right hand)
Wands
 s - a wand of flame (42)
 C - a wand of acid (8)
 M - a wand of paralysis (5)
Scrolls
 j - 7 scrolls of fog
 l - 5 scrolls of blinking
 m - 7 scrolls of teleportation
 p - 3 scrolls of torment
 r - a scroll of butterflies
 v - a scroll of silence
 w - 9 scrolls of identify
 F - 3 scrolls of fear
 H - 3 scrolls of immolation
 J - 4 scrolls of amnesia
 P - 3 scrolls of magic mapping
 U - a scroll of poison
Potions
 a - a potion of heal wounds
 b - a potion of cancellation
 c - 2 potions of resistance
 e - a potion of magic
 f - 9 potions of curing
 g - 4 potions of lignification
 i - a potion of brilliance
 k - 2 potions of flight
 n - 3 potions of haste
 t - 7 potions of attraction
 z - 3 potions of might
 A - 3 potions of invisibility
 G - 2 potions of mutation
 Q - a potion of berserk rage
Miscellaneous
 B - a phial of floods


   Skills:
 + Level 12.9 Fighting
 + Level 18.7 Ranged Weapons
 - Level 3.0 Armour
 - Level 6.9 Dodging
 + Level 7.8 Stealth
 - Level 4.8 Spellcasting
 - Level 5.3 Evocations


You had 17 spell levels left.
You knew the following spells:

 Your Spells              Type           Power      Damage    Failure   Level
a - Freeze                Ice            12%        1d3       24%         1
b - Ensorcelled Hibernat  Hex/Ice        6%         N/A       36%         2
c - Dazzling Flash        Conj/Hex       6%         N/A       58%         3

Your spell library contained the following spells:

 Spells                   Type           Power      Damage    Failure   Level
 Necrotise                Necr           12%        1d4       24%         1
 Cigotuvi's Dreadful Rot  Necr/Pois/Air  6%         N/A       36%         2
 Passwall                 Tmut/Erth      2%         N/A       36%         2
 Frozen Ramparts          Ice            6%         1d1       58%         3
 Hailstorm                Conj/Ice       3%         3d3       58%         3
 Spider Form              Tmut/Pois      3%         N/A       58%         3
 Swiftness                Air            3%         N/A       58%         3
 Vampiric Draining        Necr           3%         2d6       58%         3
 Anguish                  Hex/Necr       1%         N/A       94%         4
 Dispel Undead            Necr           3%         3d7       94%         4
 Ice Form                 Ice/Tmut       3%         N/A       94%         4
 Agony                    Necr           3%         N/A       100%        5
 Blade Hands              Tmut           1%         N/A       100%        5
 Silence                  Hex/Air        1%         N/A       100%        5
 Iron Shot                Conj/Erth      1%         9d1       100%        6
 Animate Armour           Summ/Erth      Unusable   N/A       N/A         4
 Summon Ice Beast         Ice/Summ       Unusable   N/A       N/A         4
 Death Channel            Necr           Unusable   N/A       N/A         6

Dungeon Overview and Level Annotations

Branches:
Dungeon (15/15)            Temple (0/1) D:7            Lair (5/5) D:10
  Swamp (0/4) Lair:3       Spider (0/4) Lair:3        Slime (0/5) Lair:5
    Orc (2/2) D:12            Elf (0/3) Orc:2        Vaults (0/5) D:14
 Depths: D:15

Altars:
Ashenzari
Kikubaaqudgha
Okawaru
Qazlal
Ru
Uskayaw
The Shining One

Shops:
D:2 ?   D:4 *   D:11 ?   D:14 *   Orc:2 [(?[

Portals:
Trove: D:14 (give 7 potions of haste)


Innate Abilities, Weirdness & Mutations

You are very small and have problems with some larger weapons.
You are too small for most types of armour.
You have supernaturally acute eyesight. (SInv)
You cover ground extremely quickly. (Speed+++)
You are hated by all.
You have somewhat slow reflexes. (EV -5)
You are somewhat unskilled. (-1 Apt)
You are dopey. (Int -2)
[You are extremely frail. (-30% HP)]


Message History

Found a corrupted altar of Lugonu.
The death drake begins to attack, but is stunned by your conviction!
There is a corrupted altar of Lugonu here.
You kneel at the altar of Lugonu.
The death drake breathes miasma at you. The foul vapour engulfs you!!
You are poisoned.
You feel yourself slow down.
You are engulfed in dark miasma.
You are more poisoned.
You feel extremely sick.
You feel extremely sick.
You feel extremely sick.
You feel better. The death drake breathes miasma at you.
The foul vapour misses you.
You are engulfed in dark miasma.
You are poisoned.
You feel as though you will be slow longer.
You feel very sick.
You feel very sick.
You feel better. The death drake barely misses you.
The death drake attacks as you move away!
The death drake bites you but does no damage.
As you read the scroll of teleportation, it crumbles to dust.
You feel strangely unstable.
You feel the power of the Abyss delaying your translocation!
The death drake closely misses you. The death drake bites you!
* * * LOW HITPOINT WARNING * * *
The death drake attacks as you move away!
The death drake bites you!
* * * LOW HITPOINT WARNING * * *
The death drake breathes miasma at you. The foul vapour engulfs you!
You are poisoned.
* * * LOW HITPOINT WARNING * * *
You focus your inner power and blind the death drake in retribution!
You feel better.
You are engulfed in dark miasma.
You are lethally poisoned!
You die...

. ## . #. .
#. .# #.#.#
#.# . ....#
○○##..#
.....###○○..#
#○○@○#
#○○##○#
#k#.##.. #
#.#. #D.#.#
#.# .. .
##.X## # # .#
.. ###..#.#
##. #.
#°.D..# ~~
#.##°°..####
#.....#°○#
...#


You could see a bone dragon and a death drake (blind, catching breath).

Vanquished Creatures
  A dire elephant (Lair:5)
  An ogre mage (D:15)
  Fannar (D:11)
  12 hydras
  A rakshasa (D:15)
  A vault guard (D:14)
  4 catoblepae
  7 two-headed ogres
  4 centaur warriors
  5 boulder beetles
  4 death yaks
  A deep troll shaman (Lair:5)
  3 orc high priests (Orc:2)
  Nergalle (D:11)
  A skyshark (Lair:3)
  A storm dragon skeleton (D:14)
  An orb spider (Lair:3)
  2 wizards
  A necromancer (D:14)
  Pikel (D:7)
  6 orc knights
  A wolf spider zombie (D:14)
  22 ugly things
  4 orc sorcerers
  5 manticores
  A cyclops (D:14)
  10 elephants
  A naga mage (D:15)
  7 black mambas
  13 cane toads
  2 unseen horrors (D:12)
  An unseen horror (shapeshifter) (D:14)
  A gargoyle (D:12)
  2 kobold demonologists (D:13)
  2 efreet
  8 komodo dragons
  3 rime drakes
  A yaktaur (shapeshifter) (D:13)
  A freezing wraith (D:15)
  2 tengu conjurers (D:13)
  4 trolls
  A hornet (D:11)
  2 polar bears (Lair:5)
  A raiju (shapeshifter) (D:15)
  Prince Ribbit (D:7)
  6 blink frogs
  2 harpy skeletons (D:14)
  Grinder (D:6)
  Sigmund (D:2)
  5 slime creatures
  5 spriggans (Lair:2)
  A shadow (D:11)
  9 wyverns
  66 yaks
  2 wraiths
  A water elemental (D:12)
  5 basilisks
  A steam dragon (Lair:3)
  6 vampire mosquitoes
  A warg (Orc:1)
  4 acid dragons
  17 water moccasins
  17 orc warriors
  3 black bears
  2 ice beasts
  A hornet zombie (D:14)
  11 wolves
  9 boggarts
  7 ogres
  11 centaurs
  A lemure (D:7)
  A phantom (D:7)
  3 kobold brigands
  A gnoll sergeant (D:5)
  13 bullfrogs
  2 scorpions
  21 wights
  4 killer bees (D:10)
  An electric eel (D:12)
  9 howler monkeys
  8 jellies
  A hound (D:4)
  17 orc priests
  Crazy Yiuf (D:7)
  4 iguanas (D:6)
  A sleepcap (D:6)
  Terence (D:2)
  32 orc wizards
  Robin (D:2)
  7 gnolls
  13 adders
  A shadow imp (D:8)
  A white imp (D:7)
  2 dart slugs (D:4)
  74 orcs
  5 endoplasms
  4 giant cockroaches
  17 goblins
  9 hobgoblins
  4 jackals (D:2)
  5 quokkas
  A ball python (D:1)
  14 bats
  3 frilled lizards (D:1)
  17 kobolds
  3 rats
651 creatures vanquished.

Vanquished Creatures (others)
  A deep elf pyromancer (D:13)
  A blink frog (Lair:4)
  A spriggan (Lair:2)
  A wyvern (D:8)
  An orc warrior (Orc:2)
  An orc (Orc:1)
  25 fungi
  24 plants
  13 withered plants (Lair:2)
68 creatures vanquished.

Grand Total: 719 creatures vanquished

Notes
Turn   | Place    | Note
-------+----------+-------------------------------------------
     0 | D:1      | tsouns the Spriggan Hunter began the quest for the Orb.
     0 | D:1      | Reached XP level 1. HP: 10/10 MP: 2/2
   172 | D:1      | Reached XP level 2. HP: 15/15 MP: 3/3
   538 | D:2      | Reached XP level 3. HP: 18/19 MP: 4/4
   638 | D:2      | Noticed Terence
   690 | D:2      | Killed Terence
   726 | D:2      | Reached XP level 4. HP: 21/23 MP: 5/5
  1014 | D:2      | Noticed Sigmund
  1090 | D:2      | Gained mutation: You are dopey. (Int -2) [potion of
                  | mutation]
  1165 | D:3      | Reached skill level 5 in Ranged Weapons
  1701 | D:2      | Noticed Robin
  1706 | D:2      | Killed Robin
  1707 | D:2      | Reached XP level 5. HP: 28/28 MP: 6/6
  1747 | D:2      | Found Alodoyfe's Magic Scroll Shop.
  1766 | D:2      | Bought a scroll of identify for 20 gold pieces
  1766 | D:2      | Bought a scroll of teleportation for 30 gold pieces
  1766 | D:2      | Bought a scroll of noise for 10 gold pieces
  1940 | D:2      | Killed Sigmund
  1941 | D:2      | Reached skill level 6 in Ranged Weapons
  1941 | D:2      | Reached XP level 6. HP: 11/33 MP: 7/7
  2822 | D:4      | Found Fuqoirch's General Store.
  2830 | D:4      | Bought a scroll of identify for 24 gold pieces
  2830 | D:4      | Bought a potion of degeneration for 12 gold pieces
  2950 | D:4      | Learned a level 1 spell: Freeze
  3276 | D:5      | Entered Level 5 of the Dungeon
  3301 | D:5      | Noticed an ice beast
  3346 | D:5      | Killed an ice beast
  3347 | D:5      | Reached XP level 7. HP: 32/38 MP: 8/8
  3482 | D:5      | Reached skill level 5 in Fighting
  3482 | D:5      | Reached skill level 7 in Ranged Weapons
  4056 | D:6      | Reached XP level 8. HP: 44/44 MP: 9/9
  4177 | D:6      | Found a glowing golden altar of the Shining One.
  4178 | D:6      | Found a stormy altar of Qazlal.
  4178 | D:6      | Found a sacrificial altar of Ru.
  4179 | D:6      | Found a broken altar of Ashenzari.
  4179 | D:6      | Found an iron altar of Okawaru.
  4179 | D:6      | Found a basalt altar of Yredelemnul.
  4180 | D:6      | Found an ancient bone altar of Kikubaaqudgha.
  4337 | D:6      | Reached skill level 8 in Ranged Weapons
  4422 | D:6      | Became a worshipper of Ru the Awakened
  4457 | D:6      | Noticed Grinder
  4490 | D:6      | Killed Grinder
  4641 | D:6      | Reached skill level 9 in Ranged Weapons
  5177 | D:7      | Noticed Prince Ribbit
  5188 | D:7      | Killed Prince Ribbit
  5189 | D:7      | Reached XP level 9. HP: 24/50 MP: 10/10
  5320 | D:7      | Noticed Pikel
  5358 | D:7      | Killed Pikel
  5367 | D:7      | Reached skill level 10 in Ranged Weapons
  5786 | D:7      | Found a staircase to the Ecumenical Temple.
  5964 | D:7      | Noticed a purple ugly thing
  6052 | D:7      | Killed a purple ugly thing
  6114 | D:7      | Gained mutation: You are hated by all. [Ru sacrifice]
  6114 | D:7      | Reached * piety under Ru
  6114 | D:7      | Reached ** piety under Ru
  6198 | D:7      | Found a runed translucent door.
  6199 | D:7      | Noticed Crazy Yiuf
  6223 | D:7      | Killed Crazy Yiuf
  6482 | D:8      | Reached skill level 11 in Ranged Weapons
  6635 | D:8      | Noticed a two-headed ogre
  6698 | D:8      | Killed a two-headed ogre
  6699 | D:8      | Reached XP level 10. HP: 41/58 MP: 7/11
  7873 | D:9      | Noticed a two-headed ogre
  7897 | D:9      | Reached skill level 12 in Ranged Weapons
  7910 | D:9      | Noticed a two-headed ogre
  7933 | D:9      | Killed a two-headed ogre
  7973 | D:9      | Identified the amulet "Heontun" {Reflect -Cast rPois SH+5
                  | Stlth+}
  7977 | D:9      | Reached skill level 10 in Fighting
  8306 | D:9      | Killed a two-headed ogre
  8307 | D:9      | Reached XP level 11. HP: 63/63 MP: 12/12
  8445 | D:10     | Entered Level 10 of the Dungeon
  8455 | D:10     | Gained mutation: You are somewhat unskilled. (-1 Apt) [Ru
                  | sacrifice]
  8455 | D:10     | Reduced skill Ranged Weapons to level 11
  8455 | D:10     | Reached *** piety under Ru
  8511 | D:10     | Found a staircase to the Lair.
  8656 | D:10     | Reached skill level 12 in Ranged Weapons
  9138 | D:10     | Noticed Psyche
  9144 | D:10     | Psyche changed into Psyche the rime drake
  9144 | D:10     | Noticed Psyche
  9478 | D:10     | Killed Psyche the rime drake
  9612 | D:11     | Noticed a two-headed ogre
  9684 | D:11     | Killed a two-headed ogre
  9685 | D:11     | Reached skill level 10 in Fighting
  9685 | D:11     | Reached skill level 13 in Ranged Weapons
  9806 | D:11     | Noticed Fannar
  9945 | D:11     | Killed Fannar
 10052 | D:11     | Noticed Nergalle
 10073 | D:11     | Killed Nergalle
 10424 | D:11     | Found Voomist Ragh's Magic Scroll Emporium.
 10875 | D:2      | Bought a scroll of acquirement for 520 gold pieces
 10875 | D:2      | Acquired 811 gold pieces
 10877 | D:2      | Bought a scroll of identify for 20 gold pieces
 10877 | D:2      | Bought a scroll of fear for 40 gold pieces
 10877 | D:2      | Bought a scroll of enchant weapon for 75 gold pieces
 10877 | D:2      | Bought a scroll of teleportation for 30 gold pieces
 11045 | Lair:1   | Entered Level 1 of the Lair of Beasts
 11084 | Lair:1   | Reached XP level 12. HP: 57/68 MP: 13/13
 11129 | Lair:1   | Reached skill level 14 in Ranged Weapons
 11261 | Lair:1   | Noticed a seven-headed hydra
 11285 | Lair:1   | Killed a seven-headed hydra
 11327 | Lair:1   | Identified the +3 long sword of the Big Bang {freeze, rPois
                  | Int+2}
 11981 | Lair:1   | Found the +8 whip "Snakebite" {venom, curare, rPois}
 11993 | Lair:1   | Reached skill level 15 in Ranged Weapons
 12237 | Lair:1   | Identified the +3 glaive "Kowoxt" {pain, rElec Will+ Str+3}
 12502 | Lair:2   | Noticed a catoblepas
 12542 | Lair:2   | Killed a catoblepas
 12849 | Lair:2   | Noticed a five-headed hydra
 12913 | Lair:2   | Killed a five-headed hydra
 13028 | Lair:2   | Noticed a catoblepas
 13255 | Lair:2   | Killed a catoblepas
 13401 | Lair:2   | Reached XP level 13. HP: 67/74 MP: 14/14
 14155 | Lair:3   | Found a hole to the Spider Nest.
 14227 | Lair:3   | Reached skill level 16 in Ranged Weapons
 14318 | Lair:3   | Found a hide-covered altar of Uskayaw.
 14889 | Lair:3   | Gained mutation: You have somewhat slow reflexes. (EV -5)
                  | [Ru sacrifice]
 14889 | Lair:3   | Reached **** piety under Ru
 14904 | Lair:3   | Found a staircase to the Swamp.
 16891 | Lair:4   | Reached skill level 17 in Ranged Weapons
 17385 | Lair:5   | Entered Level 5 of the Lair of Beasts
 18092 | Lair:5   | Reached XP level 14. HP: 81/81 MP: 15/15
 18121 | Lair:5   | Reached skill level 1 in Evocations
 18372 | Lair:5   | Reached skill level 1 in Armour
 18580 | Lair:5   | Found a staircase to the Slime Pits.
 19745 | D:12     | Found a staircase to the Orcish Mines.
 20064 | D:12     | Reached skill level 1 in Spellcasting
 20159 | Orc:1    | Entered Level 1 of the Orcish Mines
 20307 | Orc:2    | Entered Level 2 of the Orcish Mines
 20983 | Orc:2    | Found a staircase to the Elven Halls.
 21145 | Orc:2    | Reached skill level 18 in Ranged Weapons
 21274 | Orc:2    | Reached skill level 5 in Stealth
 21862 | Orc:2    | Reached skill level 5 in Dodging
 22461 | Orc:2    | Found Doarac's Armour Emporium.
 22461 | Orc:2    | Found Kofanerph's Armour Shop.
 22463 | Orc:2    | Found Fothatwu's Magic Scroll Shop.
 22463 | Orc:2    | Found Zaptinot's Weapon Emporium.
 22475 | Orc:2    | Bought a +0 hat for 56 gold pieces
 24198 | D:14     | Found Ogufahepaw's Assorted Antiques.
 24202 | D:14     | Bought a moonstone ring for 150 gold pieces
 24326 | D:14     | Found a portal to a secret trove of treasure.
 24398 | D:14     | Reached XP level 15. HP: 85/85 MP: 20/20
 24401 | D:14     | Learned a level 2 spell: Ensorcelled Hibernation
 24405 | D:14     | Learned a level 3 spell: Dazzling Flash
 24552 | D:14     | Reached skill level 5 in Evocations
 25342 | D:14     | Found a gate to the Vaults.
 25382 | D:15     | Entered Level 15 of the Dungeon
 26269 | Abyss:3  | Cast into level 3 of the Abyss (a wizard)
 26272 | Abyss:3  | Noticed a bone dragon
 26286 | Abyss:3  | Noticed a bone dragon
 26333 | Abyss:3  | Found a corrupted altar of Lugonu.
 26355 | Abyss:3  | HP: 1/59 [death drake/foul vapour (9)]
 26356 | Abyss:3  | Engulfed by a death drake's foul pestilence

Illustrated notes

Levels and vault maps discovered:
D:1:      roderic_chinese_lattice_arrival, layout_basic
D:2:      layout_loops_ring, serial_shops, shop, st_stairs_14,
          hangedman_decor_peaks_small, minmay_tall_x, uniq_sigmund, uniq_robin,
          uniq_terence
D:3:      layout_loops_cross
D:4:      layout_basic, kennysheep_diamond
D:5:      layout_cave_pools, minmay_misc_feat_cross, minmay_misc_feat_rows,
          st_stairs_12
D:6:      layout_loops_ring, grunt_temple_overflow_open, nicolae_half_adder,
          uniq_grinder
D:7:      layout_basic, minmay_temple_entry_antechambers,
          hangedman_decor_riveting, uniq_pikel, uniq_prince_ribbit1,
          uniq_crazy_yiuf_cottage
D:8:      layout_cave_pools, kennysheep_small_spiral
D:9:      minmay_flawed_box, layout_basic
D:10:     layout_irregular_city, david_lair_shrubbed, uniq_psyche
D:11:     layout_cross, serial_shops, nicolae_square_shop, uniq_fannar,
          uniq_nergalle
D:12:     layout_basic, david_orc_2, st_stairs_12, grunt_ministairs_6
D:13:     layout_stronghold, minivault_12
D:14:     layout_irregular_city, david_vaults_5, serial_shops,
          nicolae_shop_hallway_stairs, nicolae_trove_entry_crystal,
          fedhas_altar_3
D:15:     grunt_enter_depths_magical_seal, layout_rooms,
          chequers_serial_rivers_micro_a
Lair:1:   minmay_guarded_unrand_snakebite, layout_chaotic_city, roderic_batcave,
          chequers_serial_rivers_small_3, beast_lair_carwin_4,
          grunt_megastairs_3
Lair:2:   kb_forest_paths, layout_hall_layers, pdpol_lair_neglected_garden
Lair:3:   layout_cave_pods, swamp_mist_pool, nicolae_spider_entry_orb_guardian,
          basic_altar, minmay_shattered_shrine
Lair:4:   layout_cellular_growth, st_stairs_12, kennysheep_catoblepas_arena
Lair:5:   grunt_lair_end_beastmaster, layout_layer_cave,
          nicolae_slime_entry_field_trip
Orc:1:    layout_caves
Orc:2:    grunt_orc_tribal_feast, layout_diamond_mine, lemuel_statue_altar,
          lightli_orcish_oven
Abyss:3:  base: D:9, evilmike_abyss_exit_6, gammafunk_abyss_exit_x_factor

Skill      XL: |  1  2  3  4  5  6  7  8  9 10 11 12 13 14 15 |
---------------+----------------------------------------------+-----
Fighting       | 2 3 4 5 7 9 10 10 11 12 | 12.9
Ranged Weapons | 5 6 7 9 11 12 13 15 17 18 | 18.7
Stealth        | 6 7 |  7.8
Evocations     | 4 5 |  5.3
Dodging        | 5 6 |  6.9
Armour         | 2 3 |  3.0
Spellcasting   | 3 4 |  4.8

Action                     |  1- 3 |  4- 6 |  7- 9 | 10-12 | 13-15 || total
---------------------------+-------+-------+-------+-------+-------++-------
  Melee: Whip              |       |       |       |       |     4 ||     4
   Fire: Shortbow          |    90 |   199 |   425 |   264 |  1146 ||  2124
         Sling             |       |       |       |   902 |   709 ||  1611
         Arbalest          |       |       |       |       |    41 ||    41
 Invoke: Sacrifice Love    |       |       |     1 |       |       ||     1
         Sacrifice Skill   |       |       |       |     1 |       ||     1
         Reject Sacrifices |       |       |       |     1 |     1 ||     2
         Sacrifice Health  |       |       |       |       |     1 ||     1
  Evoke: Wand              |       |       |    11 |    13 |    11 ||    35
    Use: Potion            |       |     2 |     3 |     2 |     7 ||    14
         Scroll            |       |    10 |     7 |     9 |     8 ||    34
 Armour: Robe              |     8 |     6 |    18 |     1 |       ||    33
         Troll leather arm |       |       |       |     5 |       ||     5
         Acid dragon scale |       |       |       |    60 |    99 ||   159
  Dodge: Dodged            |    39 |    53 |   125 |   257 |   275 ||   749
  Block: Other             |       |       |       |    75 |    69 ||   144
         Reflection        |       |       |       |       |    12 ||    12

Table legend: (Time is in decaauts)
 A = Elapsed time spent in this place.
 B = Non-inter-level travel time spent in this place.
 C = Inter-level travel time spent in this place.
 D = Time resting spent in this place.
 E = Time spent auto-exploring this place.
 F = Levels seen in this place.
 G = Mean time per level.
                   A        B        C        D        E       F      G
               +--------+--------+--------+--------+--------+-----+--------+
         Total |  19346 |  18331 |   1015 |      0 |  12879 |  23 |  841.1 |
       Dungeon |  11114 |  10477 |    637 |      0 |   7274 |  15 |  740.9 |
          Lair |   6233 |   5993 |    240 |      0 |   4283 |   5 | 1246.6 |
  Orcish Mines |   1940 |   1803 |    137 |      0 |   1320 |   2 |  970.0 |
         Abyss |     58 |     58 |      0 |      0 |      2 |   1 |   58.0 |
               +--------+--------+--------+--------+--------+-----+--------+

Top non-repeatable levels by time:
  Lair:4: 1435 daAuts
  Lair:5: 1300 daAuts
   Orc:2: 1285 daAuts
  Lair:3: 1266 daAuts
  Lair:2: 1225 daAuts
    D:10: 1149 daAuts
     D:7: 1124 daAuts
    D:13: 1107 daAuts
  Lair:1: 1004 daAuts
    D:14: 945 daAuts
     D:6: 885 daAuts
     D:2: 798 daAuts
     D:9: 681 daAuts
     D:8: 668 daAuts
   Orc:1: 654 daAuts
